 Dungeon Crawl Stone Soup version 0.23.2-40-g277498a001 (webtiles) character file.

Game seed: 6567046060926652987

53 Exodus22XD the Sneak (level 3, 0/14 HPs)
             Began as a Felid Enchanter on Aug 22, 2019.
             Slain by a jackal (2 damage)
             ... on level 2 of the Dungeon.
             The game lasted 00:07:09 (2401 turns).

Exodus22XD the Sneak (Felid Enchanter)              Turns: 2401, Time: 00:07:10

Health: 0/14       AC:  1    Str:  4    XL:     3   Next: 64%
Magic:  3/7        EV: 18    Int: 16    God:
Gold:   76         SH:  0    Dex: 17    Spells: 2/6 levels left
                                        Lives:  0   Deaths: 0

rFire    + . .     SeeInvis +     - Unarmed
rCold    x . .     Gourm    .   (shield unavailable)
rNeg     . . .     Faith    .   (armour unavailable)
rPois    .         Spirit   .   (helmet unavailable)
rElec    .         Reflect  .   (cloak unavailable)
rCorr    .         Harm     .   (gloves unavailable)
MR       .....                  (boots unavailable)
Stlth    ++++......             (no amulet)
HPRegen  0.04/turn              c - ring of fire
MPRegen  0.10/turn              (no ring)

@: quick
A: very small, no armour, no weapons or thrown items, stealth, claws 1, fangs 3,
see invisible, carnivore, speed 1, shaggy fur 1, slow metabolism 1, sharp paws
a: no special abilities


You were on level 2 of the Dungeon.
You were completely stuffed.

You visited 1 branch of the dungeon, and saw 3 of its levels.

You collected 76 gold pieces.

Inventory:

Jewellery
 c - a ring of fire (left paw)
Scrolls
 e - a scroll of teleportation {unknown}
 i - a scroll of random uselessness {unknown}
Potions
 a - 2 potions of curing {unknown}
 d - a potion of magic {unknown}
 f - a potion of ambrosia {unknown}
 g - a potion of berserk rage {unknown}
 h - a potion of heal wounds {unknown}
Comestibles
 b - a ration


   Skills:
 - Level 2.6 Dodging
 * Level 6.6 Stealth
 - Level 1.0 Unarmed Combat
 - Level 2.0 Spellcasting
 - Level 4.4 Hexes


You had 2 spell levels left.
You knew the following spells:

 Your Spells              Type           Power        Failure   Level  Hunger
a - Corona                Hex            ###....      3%          1    #......
b - Confuse               Hex            ###.....     11%         3    ###....

Your spell library contained the following spells:

 Spells                   Type           Power        Failure   Level  Hunger
 Ensorcelled Hibernation  Hex/Ice        #.....       13%         2    ###....
 Tukima's Dance           Hex            ###.....     11%         3    ###....
 Dazzling Spray           Conj/Hex       #.....       26%         3    ###....


Dungeon Overview and Level Annotations

Branches:
Dungeon (3/15)

Altars:
Ru
Trog
Uskayaw


Innate Abilities, Weirdness & Mutations

You cannot wear armour.
You are incapable of wielding weapons or throwing items.
Your paws allow you to move quietly. (Stealth)
You have sharp claws.
You have razor-sharp teeth.
You have supernaturally acute eyesight. (SInv)
You are carnivorous and can eat meat at any time.
You cover ground quickly.
You are covered in fur. (AC +1)
You have a slow metabolism.
Your sharp claws are effective at attacking unaware monsters.


Message History

There is a stone staircase leading down here.
Casting: Corona (safe; 3% risk of failure)
Confirm with . or Enter, or press ? or * to list all spells.
Aiming: Corona (safe; 3% risk of failure)
Press: ? - help, Shift-Dir - straight line, f - jackal
Aim: a jackal (severely wounded, chance to defeat MR: 69%)
The jackal barely resists.
The jackal bites you. The jackal completely misses you. The jackal bites you.
* * * LOW HITPOINT WARNING * * *
You scratch the jackal.
You kill the jackal!
The jackal completely misses you.
Casting: Corona (safe; 3% risk of failure)
Confirm with . or Enter, or press ? or * to list all spells.
Aiming: Confuse (safe; 11% risk of failure)
Press: ? - help, Shift-Dir - straight line, f - jackal
Aim: a jackal (chance to defeat MR: 63%)
The jackal resists with significant effort.
The jackal bites you.
You die...

## #############.#.# #.
#.#.#######. ########
#.#......... #......#
#.##########
#.####.#####.####
#......#........#
#..##....###.##.# ####
#..##.h####...#.#######
...## ###....†@#
#............# ....#
#........#
##..<#######.# ....#
#.##.###.# ##.## #.#
....# #.##.# #.# #.#
#.# ...## #.##.###.#
#.# #.#
#.#######.##.....#
##'## #..
.......##.########
##...## ###
#.####.##.####
##.....## ## #.#
#.##.##.## ##.......##
##.


You could see a jackal.

Vanquished Creatures
  An adder (D:3)
  2 oozes (D:1)
  A dart slug (D:1)
  2 leopard geckos (D:2)
  5 bats
  A giant cockroach (D:1)
  4 goblins
  A hobgoblin (D:2)
  4 jackals
  2 kobolds (D:1)
  A ball python (D:2)
  4 frilled lizards (D:1)
  4 rats (D:2)
32 creatures vanquished.

Notes
Turn   | Place    | Note
-------+----------+-------------------------------------------
     0 | D:1      | Exodus22XD the Felid Enchanter began the quest for the Orb.
     0 | D:1      | Reached XP level 1. HP: 7/7 MP: 4/4
   430 | D:1      | Reached skill level 5 in Stealth
   430 | D:1      | Reached XP level 2. HP: 5/11 MP: 0/6
  1109 | D:1      | Reached XP level 3. HP: 14/14 MP: 7/7
  1118 | D:1      | Learned a level 3 spell: Confuse
  1412 | D:2      | Found a sacrificial altar of Ru.
  1415 | D:2      | Reached skill level 6 in Stealth
  1968 | D:2      | Found a bloodstained altar of Trog.
  1977 | D:2      | Found a hide-covered altar of Uskayaw.
  2401 | D:2      | Slain by a jackal

Skill      XL: |  1  2  3 |
---------------+----------+-----
Stealth        | 5 6 |  6.6
Dodging        | |  2.6
Unarmed Combat | |  1.0
Spellcasting   | |  2.0
Hexes          | |  4.4

Action                   || total
-------------------------++-------
Melee: Unarmed           ||    91
       Bite              ||     5
 Cast: Corona            ||    19
       Confuse           ||     1
 Stab: Sleeping          ||    19
  Eat: Chunk             ||    10
Armor: Skin              ||     8
Dodge: Dodged            ||   108
